 Dungeon Crawl Stone Soup version 0.21.1-1-g345015fe64 (webtiles) character file.

54 Kholdaimon the Covered (level 3, -1/33 HPs)
             Began as a Minotaur Fighter on June 16, 2018.
             Slain by an orc priest
             ... wielding a +0 trident
              (9 damage)
             ... on level 3 of the Dungeon.
             The game lasted 00:06:47 (1484 turns).

Kholdaimon the Covered (Minotaur Fighter)           Turns: 1484, Time: 00:06:50

Health: -1/33      AC:  7    Str: 21    XL:     3   Next: 66%
Magic:  2/2        EV:  7    Int:  5    God:
Gold:   142        SH:  9    Dex:  9    Spells: 2/2 levels left

rFire    . . .     SeeInvis .   a - +0 war axe
rCold    . . .     Gourm    .   c - +0 shield
rNeg     . . .     Faith    .   b - +0 scale mail
rPois    .         Spirit   .   (helmet restricted)
rElec    .         Reflect  .   (no cloak)
rCorr    .         Harm     .   (no gloves)
MR       .....                  (no boots)
Stlth    ..........             (no amulet)
HPRegen  0.11/turn              (no ring)
MPRegen  0.08/turn              (no ring)

@: no status effects
A: retaliatory headbutt, horns 2
a: no special abilities


You were on level 3 of the Dungeon.
You were not hungry.

You visited 1 branch of the dungeon, and saw 3 of its levels.

You collected 142 gold pieces.

Inventory:

Hand Weapons
 a - a +0 war axe (weapon)
Armour
 b - a +0 scale mail (worn)
 c - a +0 shield (worn)
Scrolls
 e - a scroll of fear {unknown}
 g - a scroll of random uselessness {unknown}
 h - 2 scrolls of identify {unknown}
 i - a scroll of blinking {unknown}
 k - a scroll of enchant weapon {unknown}
 o - 2 scrolls of magic mapping {unknown}
Potions
 d - a potion of might
 j - a potion of lignification {unknown}
 l - 2 potions of curing {unknown}
 m - a potion of ambrosia {unknown}
 n - a potion of haste {unknown}
Comestibles
 f - 4 rations
 p - a chunk of flesh


   Skills:
 + Level 4.2 Fighting
 + Level 2.8 Axes
 + Level 4.3 Armour
 + Level 0.1 Dodging
 + Level 4.3 Shields


You had 2 spell levels left.
You didn't know any spells.

Dungeon Overview and Level Annotations

Branches:
Dungeon (3/15)

Altars:
Cheibriados
Gozag
Uskayaw


Innate Abilities, Weirdness & Mutations

You reflexively headbutt those who attack you in melee.
You have a pair of horns on your head.


Message History

You block the orc's attack. The orc hits you but does no damage.
You barely miss the orc. You headbutt the orc, but do no damage.
The orc is severely wounded.
The orc barely misses you. You furiously retaliate!
You headbutt the orc, but do no damage. You barely miss the orc.
You headbutt the orc, but do no damage.
The orc is heavily wounded.
You block the orc's attack. The orc hits you but does no damage.
You closely miss the orc.
The orc is heavily wounded.
The orc priest hits you but does no damage.
The orc closely misses you.
You closely miss the orc. Your headbutt misses the orc.
The orc is heavily wounded.
The orc priest calls down the wrath of Beogh upon you.
Beogh smites you!
* * * LOW HITPOINT WARNING * * *
The orc closely misses you.
The orc priest hits you from afar with a trident!
You die...

#........[....<.#
#........#.######
.........#......#
#........########
###......#
#......# #...)..#
#....[.# #....@.#
#...)o.# #..o...#
#......# #......#
#....... #......#
#......#


You could see an orc priest and an orc.

Vanquished Creatures
  An adder (D:2)
  A worm (D:2)
  A dart slug (D:1)
  5 orcs (D:3)
  3 giant cockroaches
  5 goblins
  3 hobgoblins (D:1)
  6 bats
  3 frilled lizards
  5 kobolds (D:1)
  A rat (D:1)
34 creatures vanquished.

Notes
Turn   | Place    | Note
-------+----------+-------------------------------------------
     0 | D:1      | Kholdaimon the Minotaur Fighter began the quest for the Orb.
     0 | D:1      | Reached XP level 1. HP: 19/19 MP: 0/0
   124 | D:1      | Reached XP level 2. HP: 27/27 MP: 1/1
   871 | D:2      | Reached XP level 3. HP: 33/33 MP: 2/2
  1136 | D:2      | Noticed a hand axe
  1138 | D:2      | Noticed a hand axe
  1138 | D:2      | Found a hide-covered altar of Uskayaw.
  1202 | D:2      | Found an opulent altar of Gozag.
  1206 | D:2      | Found a snail-covered altar of Cheibriados.
  1484 | D:3      | Slain by an orc priest

Skill      XL: |  1  2 |
---------------+-------+-----
Fighting       | 4 |  4.2
Shields        | 4 |  4.3
Armour         | 4 |  4.3
Axes           | |  2.8
Dodging        | |  0.1

Action                   || total
-------------------------++-------
Melee: War axe           ||    77
       Headbutt          ||    14
  Eat: Chunk             ||     2
Armor: Scale mail        ||    29
Dodge: Dodged            ||    33
Block: Shield            ||    36
